 Dungeon Crawl Stone Soup version 0.21-a0-528-gf531e82 (webtiles) character file.

197 slep the Skirmisher (level 5, -3/42 HPs)
             Began as a Demonspawn Fighter on Dec 9, 2017.
             Slain by a phantom (8 damage)
             ... on level 4 of the Dungeon.
             The game lasted 00:07:53 (1732 turns).

slep the Skirmisher (Demonspawn Fighter)            Turns: 1732, Time: 00:07:54

Health: -3/42      AC: 13    Str: 17    XL:     5   Next: 46%
Magic:  5/5        EV:  7    Int:  6    God:
Gold:   146        SH:  9    Dex: 13    Spells: 4/4 levels left

rFire    . . .     SeeInvis .   a - +0 war axe
rCold    . . .     Gourm    .   c - +0 shield
rNeg     . . .     Faith    .   b - +0 scale mail
rPois    .         Spirit   .   r - +0 helmet
rElec    .         Reflect  .   v - +0 cloak
rCorr    .         Harm     .   (no gloves)
MR       .....                  (no boots)
Stlth    ..........             (no amulet)
HPRegen  0.14/turn              m - -3 ring of intelligence (curse)
MPRegen  0.09/turn              h - +2 ring of protection

@: no status effects
A: iridescent scales 1
a: no special abilities


You were on level 4 of the Dungeon.
You were not hungry.

You visited 1 branch of the dungeon, and saw 4 of its levels.

You collected 146 gold pieces.

Inventory:

Hand Weapons
 a - a +0 war axe (weapon)
 o - a cursed -2 hunting sling
Missiles
 i - 8 javelins (quivered)
Armour
 b - a +0 scale mail (worn)
 c - a +0 shield (worn)
 r - a +0 helmet (worn)
 v - a +0 cloak (worn)
Jewellery
 h - a +2 ring of protection (right hand)
 m - a cursed -3 ring of intelligence (left hand)
 p - an uncursed ring of magical power {unknown}
Wands
 k - a wand of polymorph (6)
Scrolls
 e - a scroll of enchant weapon {unknown}
 g - a scroll of magic mapping {unknown}
 l - 3 scrolls of identify {unknown}
 n - 2 scrolls of amnesia {unknown}
 q - 2 scrolls of remove curse {unknown}
 t - 3 scrolls of teleportation {unknown}
Potions
 d - 2 potions of might
 j - 4 potions of curing
 u - a potion of agility {unknown}
Comestibles
 f - 2 bread rations
 s - 3 meat rations


   Skills:
 + Level 3.8 Fighting
 + Level 3.6 Axes
 + Level 0.2 Throwing
 + Level 3.1 Armour
 + Level 1.3 Dodging
 + Level 3.2 Shields


You had 4 spell levels left.
You didn't know any spells.

Dungeon Overview and Level Annotations

Branches:
Dungeon (4/15)
 Temple: D:4-7

Altars:
The Shining One


Innate Abilities, Weirdness & Mutations

You are partially covered in iridescent scales. (AC +2)


Message History

* * * LOW HITPOINT WARNING * * *
Your shield and scale mail prevent you from hitting the phantom.
The phantom is moderately damaged.
The phantom barely misses you. You block the phantom's attack.
You miss the phantom.
The phantom is moderately damaged.
The phantom hits you but does no damage.
Your shield and scale mail prevent you from hitting the phantom.
The phantom is moderately damaged.
You block the phantom's attack. The phantom hits you!
* * * LOW HITPOINT WARNING * * *
Evoke which item? (* to show all) (? for menu, Esc to quit)
Okay, then.
You hit the phantom.
The phantom is heavily damaged.
The phantom hits you but does no damage.
You hit the phantom.
The phantom is heavily damaged.
The phantom hits you!
You die...

#.....##...<.#
#.....##.....#
#.....†......#
#............#
#.....>......#
#............#
..............#
#............#.#
#..≈≈....@?..###
.≈..≈....W..#
≈..≈..≈≈...≈#
..≈..≈..≈..≈≈#
..≈.⌠≈..≈..≈≈#
.≈..≈⌠.≈...≈≈#
.≈..≈..≈..≈≈≈#
..≈≈..≈..≈≈≈##


You could see a phantom.

Vanquished Creatures
  A scorpion (D:4)
  Crazy Yiuf (D:2)
  6 adders
  A worm (D:3)
  A dart slug (D:1)
  3 orcs (D:3)
  5 ball pythons
  3 giant cockroaches
  7 goblins
  3 hobgoblins
  4 jackals (D:1)
  A quokka (D:4)
  8 bats
  4 frilled lizards
  6 kobolds
  11 rats
  2 fungi (D:2)
67 creatures vanquished.

Notes
Turn   | Place    | Note
-------+----------+-------------------------------------------
     0 | D:1      | slep the Demonspawn Fighter began the quest for the Orb.
     0 | D:1      | Reached XP level 1. HP: 18/18 MP: 1/1
   135 | D:1      | Gained mutation: You are partially covered in iridescent scales. (AC +2) [demonic ancestry]
   135 | D:1      | Reached XP level 2. HP: 16/24 MP: 2/2
   342 | D:1      | Reached XP level 3. HP: 29/29 MP: 3/3
   760 | D:2      | Reached XP level 4. HP: 35/35 MP: 4/4
  1068 | D:2      | Found a runed door.
  1075 | D:2      | Noticed Crazy Yiuf
  1086 | D:2      | Killed Crazy Yiuf
  1333 | D:3      | Found a glowing golden altar of the Shining One.
  1486 | D:3      | Found a faded altar of an unknown god.
  1665 | D:3      | Reached XP level 5. HP: 42/42 MP: 5/5
  1698 | D:4      | Reached skill level 1 in Dodging
  1710 | D:4      | Noticed a phantom
  1732 | D:4      | Slain by a phantom

Vault maps used:
D:1:      matt_arrival_los_fun
D:2:      uniq_crazy_yiuf_cottage
D:3:      first_bread, chequers_ecumenical_altar_lobes,
          nicolae_tso_swordbearing_angel
D:4:      cheibrodos_helix_gallery, lemuel_round_altar, serial_shops,
          nicolae_shop_trees

Skill      XL: |  1  2  3  4  5 |
---------------+----------------+-----
Axes           | 2 3 |  3.6
Armour         | 3 |  3.1
Shields        | 3 |  3.2
Dodging        | 1 |  1.3
Fighting       | |  3.8
Throwing       | |  0.2

Action                   |  1- 3 |  4- 6 || total
-------------------------+-------+-------++-------
Melee: War axe           |   121 |   128 ||   249
Throw: Javelin           |     2 |     1 ||     3
  Use: Potion            |       |     3 ||     3
  Eat: Chunk             |       |     3 ||     3
Armor: Scale mail        |    79 |    58 ||   137
       Skin              |       |     5 ||     5
Dodge: Dodged            |    45 |    28 ||    73
Block: Shield            |    77 |    61 ||   138

Table legend:
 A = Spawn XP
 B = Non-spawn XP
 C = Spawn XP percentage of total XP
 D = Spawn monster count
 E = Non-spawn monster count
 F = Spawn count percentage of total count
 G = Total turns spent on level
                    A         B        C        D         E        F      G
               +---------+---------+-------+---------+---------+-------+---------
         Total |       0 |     282 |   0.0 |       0 |      65 |   0.0 |  1732
               +---------+---------+-------+---------+---------+-------+---------
           D:1 |       0 |      46 |   0.0 |       0 |      30 |   0.0 |   507
           D:2 |       0 |      98 |   0.0 |       0 |      17 |   0.0 |   655
           D:3 |       0 |      53 |   0.0 |       0 |      15 |   0.0 |   506
           D:4 |       0 |      85 |   0.0 |       0 |       3 |   0.0 |    64
               +---------+---------+-------+---------+---------+-------+---------
